 Dungeon Crawl Stone Soup version 0.20-a0-700-gbd4582c (console) character file.

75 nht the Ruffian (level 4, 0/44 HPs)
             Began as a Troll Fighter on Feb 20, 2017.
             Slain by a gnoll
             ... wielding a +2 spear of freezing
              (3 damage)
             ... on level 2 of the Dungeon.
             The game lasted 00:02:13 (1154 turns).

nht the Ruffian (Troll Fighter)                     Turns: 1154, Time: 00:02:14

Health: 0/44       AC:  6    Str: 30    XL:     4   Next: 11%
Magic:  3/3        EV:  8    Int:  4    God:
Gold:   52         SH:  9    Dex:  9    Spells: 3/3 levels left

rFire    + . .     SeeInvis .     - Unarmed
rCold    . . .     Gourm    +   a - +0 robe
rNeg     . . .     Faith    .   b - +0 shield
rPois    +         Spirit   .   (helmet restricted)
rElec    .         Reflect  .   g - +0 cloak
rCorr    .         Harm     .   (gloves unavailable)
MR       .....                  (boots unavailable)
Stlth    +.........             (no amulet)
Regen    0.6/turn               t - ring of poison resistance
MPRegen  0.1/turn               r - ring of protection from fire

@: mighty
A: unfitting armour, claws 3, fast metabolism 3, gourmand, regeneration 1,
shaggy fur 1, tough skin 2
a: no special abilities


You were on level 2 of the Dungeon.
You were completely stuffed.

You visited 1 branch of the dungeon, and saw 2 of its levels.

You collected 52 gold pieces.

Inventory:

Armour
 a - a +0 robe (worn)
 b - a +0 shield (worn)
 g - a +0 cloak (worn)
 p - a +0 large shield
Jewellery
 r - a ring of protection from fire (left claw)
 t - a ring of poison resistance (right claw)
Scrolls
 f - 2 scrolls of remove curse {unknown}
 h - a scroll of fear {unknown}
 j - a scroll of fog {unknown}
 k - a scroll of recharging {unknown}
 m - a scroll of enchant armour {unknown}
 o - a scroll of noise {unknown}
Potions
 c - a potion of might
 e - a potion of magic {unknown}
 i - 2 potions of flight {unknown}
 l - 3 potions of curing {unknown}
 n - a potion of mutation {unknown}
 q - a potion of agility {unknown}
Comestibles
 d - 2 bread rations


   Skills:
 - Level 2.4 Fighting
 - Level 2.4 Dodging
 - Level 2.4 Shields
 + Level 4.4 Unarmed Combat


You had 3 spell levels left.
You didn't know any spells.

Dungeon Overview and Level Annotations

Branches:
Dungeon (2/15)

Altars:


Innate Abilities, Weirdness & Mutations

You are too large for most types of armour.
You have claws for hands.
Your metabolism is lightning-fast.
You like to eat raw meat.
Your natural rate of healing is unusually fast.
You are covered in fur. (AC +1)
You have very tough skin. (AC +2)


Message History

The gnoll completely misses you. The gnoll hits you with a spear!
The rat moves out of view.
Your shield prevents you from hitting the gnoll.
The gnoll hits you from afar with a spear of freezing.
The gnoll freezes you. The gnoll hits you with a spear.
You barely miss the gnoll. You block the gnoll's attack. x2
You mangle the gnoll!!
You kill the gnoll!
You have reached level 4!
You block the gnoll's attack.
The gnoll hits you with a spear of freezing.
* * * LOW HITPOINT WARNING * * *
The gnoll freezes you.
* * * LOW HITPOINT WARNING * * *
You see here a spear.
Your shield prevents you from hitting the gnoll.
The gnoll hits you with a spear of freezing!
* * * LOW HITPOINT WARNING * * *
The gnoll freezes you.
You die... ██ ████. ...... █████. ███ ██ █.. █ █.█ █ █g█

█ █@█ █ █)█ █
█.█████████ █
█.........██ ██
███.█████..██████.
██.█████.........
█.........██████.
█..█......█ ██.
█..█.██..██ █..


You could see a gnoll.

Vanquished Creatures
  2 gnolls (D:2)
  An adder (D:2)
  3 dart slugs
  2 leopard geckos
  A ball python (D:1)
  5 bats
  2 giant cockroaches
  3 goblins (D:1)
  5 hobgoblins
  2 jackals (D:1)
  7 kobolds
  A quokka (D:2)
  2 frilled lizards (D:2)
  5 rats (D:1)
41 creatures vanquished.

Notes
Turn   | Place    | Note
-------+----------+-------------------------------------------
     0 | D:1      | nht the Troll Fighter began the quest for the Orb.
     0 | D:1      | Reached XP level 1. HP: 22/22 MP: 0/0
   120 | D:1      | Reached XP level 2. HP: 29/29 MP: 1/1
   161 | D:1      | Reached skill level 3 in Unarmed Combat
   562 | D:1      | Reached XP level 3. HP: 33/36 MP: 2/2
   879 | D:2      | Reached skill level 4 in Unarmed Combat
  1152 | D:2      | Reached XP level 4. HP: 15/44 MP: 3/3
  1154 | D:2      | Slain by a gnoll

Vault maps used:
D:1:      matt_arrival_los_fun, minmay_crystal_room, minmay_split_cup_large
D:2:      marbit_many_paths, kennysheep_boxes

Skill      XL: |  1  2  3 |
---------------+----------+-----
Unarmed Combat | 3 4 |  4.4
Fighting       | |  2.4
Dodging        | |  2.4
Shields        | |  2.4

Action                   |  1- 3 |  4- 6 || total
-------------------------+-------+-------++-------
Melee: Unarmed           |   119 |     1 ||   120
  Use: Potion            |     1 |       ||     1
  Eat: Chunk             |    16 |       ||    16
Armor: Robe              |    44 |       ||    44
Dodge: Dodged            |    41 |       ||    41
Block: Shield            |    56 |     1 ||    57
